Match 44408433
Unlisted

Match 44408433
End
Panzergrenadier Squad
250 Light Carrier
Panzergrenadier Squad
Construct Light Support Kompanie
Selects Panzerjäger Kommand Battlegroup
Selects GrB 39 Grenade Launcher Requisition
Fire Support Elements
Flakvierling Half-track
Veteran Squad Leaders
Construct Panzerarmee Kommand
Selects Blockade Equipment
Selects Defensive Positions
2.5-tonne Medical Truck
Panzerjäger Mechanized Group
xkola
Herogus3xD
mentoss
Zoro
sexytimeplz
бескрайняя плоть
RED
☦0rthodox☦Je$u$IsKing(thug)
0
0

Comments sign in to comment!

No comments posted yet!